 Dungeon Crawl Stone Soup version 0.27.0-1-g7a089689b8 (webtiles) character file.

Game seed: 11696531355779265174

2361 Acheron the Ruffian (level 9, -7/80 HPs)
             Began as a Troll Enchanter on Aug 15, 2021.
             Was a Follower of Uskayaw.
             Mangled by a gnoll sergeant (10 damage)
             ... on level 8 of the Dungeon.
             The game lasted 00:24:40 (4199 turns).

Acheron the Ruffian (Troll Enchanter)               Turns: 4199, Time: 00:24:43

Health: -7/80      AC:  6    Str: 18    XL:     9   Next: 21%
Magic:  11/11      EV: 11    Int: 11    God:    Uskayaw [*.....]
Gold:   233        SH:  0    Dex: 13    Spells: 12/13 levels left

rFire    + . .     SeeInvis .     - Unarmed
rCold    . . .     Faith    .   (no shield)
rNeg     . . .     Spirit   .   k - +2 robe {Archmagi}
rPois    .         Reflect  .   (helmet restricted)
rElec    .         Harm     .   (no cloak)
rCorr    .         Rampage  .   (gloves unavailable)
Will     .....     Archmagi +   (boots unavailable)
Stlth    ++........             (no amulet)
HPRegen  1.23/turn              d - ring of protection from fire
MPRegen  0.12/turn              (no ring)

@: lethally poisoned (-7 -> -15)
A: large, unfitting armour, claws 3, regeneration 1, shaggy fur 1, tough skin 1
a: Renounce Religion, Stomp


You were on level 8 of the Dungeon.
You worshipped Uskayaw.
Uskayaw was noncommittal.
You visited 2 branches of the dungeon, and saw 10 of its levels.

You collected 233 gold pieces.

Inventory:

Hand Weapons
 c - a +3 war axe
 j - a +2 spectral club
 l - a +0 war axe
 o - a +4 mace
 r - a +1 antimagic whip
Missiles
 e - 11 boomerangs
 g - 22 poisoned darts
 h - 8 large rocks (quivered)
 m - 5 atropa-tipped darts
 n - 25 stones
Armour
 k - a +2 robe of the Archmagi (worn)
Jewellery
 d - a ring of protection from fire (left claw)
Scrolls
 b - 4 scrolls of identify
 f - 2 scrolls of amnesia
 p - a scroll of fog
 q - a scroll of magic mapping
Potions
 a - a potion of lignification
 i - a potion of flight


   Skills:
 * Level 2.8 Fighting
 - Level 0.7 Short Blades
 * Level 1.7 Axes
 * Level 2.8 Throwing
 * Level 4.5 Dodging
 * Level 3.0 Stealth
 * Level 7.5 Unarmed Combat
 * Level 2.5 Spellcasting
 + Level 2.0 Hexes
 * Level 1.6 Invocations


You had 12 spell levels left.
You knew the following spells:

 Your Spells              Type           Power      Damage    Failure   Level
a - Corona                Hex            10%        N/A       12%         1

Your spell library contained the following spells:

 Spells                   Type           Power      Damage    Failure   Level
 Ensorcelled Hibernation  Hex/Ice        10%        N/A       26%         2
 Animate Skeleton         Necr           4%         N/A       28%         1
 Magic Dart               Conj           8%         1d3       28%         1
 Pain                     Necr           8%         1d4       28%         1
 Confusing Touch          Hex            9%         N/A       34%         3
 Tukima's Dance           Hex            9%         N/A       34%         3
 Call Imp                 Summ           2%         N/A       38%         2
 Sublimation of Blood     Necr           1%         N/A       38%         2
 Wereblood                Tmut           2%         N/A       38%         2
 Dazzling Flash           Conj/Hex       10%        N/A       47%         3
 Mephitic Cloud           Conj/Pois/Air  2%         N/A       63%         3
 Vampiric Draining        Necr           1%         2d6       63%         3
 Alistair's Intoxication  Tmut/Pois      1%         N/A       100%        5
 Borgnjor's Vile Clutch   Necr/Erth      1%         N/A       100%        5
 Eringya's Noxious Bog    Tmut/Pois      1%         N/A       100%        6
 Summon Hydra             Summ           1%         N/A       100%        7


Dungeon Overview and Level Annotations

Branches:
Dungeon (9/15)             Temple (1/1) D:7
   Lair: D:8-11         Orc: D:9-12

Altars:
Cheibriados
Dithmenos
Elyvilon
Fedhas
Hepliaklqana
Kikubaaqudgha
Nemelex Xobeh
Okawaru
Qazlal
Ru
Sif Muna
Trog
Uskayaw
Vehumet
Yredelemnul
Zin
The Shining One


Innate Abilities, Weirdness & Mutations

You are too large for most types of armour.
You have claws for hands.
Your natural rate of healing is unusually fast.
You are covered in fur. (AC +1)
You have tough skin. (AC +1)


Message History

You are more poisoned.
The gnoll hits you with a +0 halberd.
The gnoll hits you from afar with a +0 spear.
The gnoll hits you but does no damage.
You barely miss the gnoll sergeant.
The gnoll sergeant is lightly wounded.
You feel very sick.
The gnoll sergeant hits you but does no damage.
You are more poisoned.
The gnoll barely misses you.
You scratch the gnoll sergeant.
The gnoll sergeant is moderately wounded.
You feel very sick.
The gnoll hits you from afar with a +0 spear.
The gnoll hits you with a +0 club.
The gnoll sergeant hits you with a +1 spear of venom.
* * * LOW HITPOINT WARNING * * *
You feel very sick. The gnoll hits you with a +0 halberd.
* * * LOW HITPOINT WARNING * * *
The gnoll sergeant hits you but does no damage.
You are lethally poisoned!
* * * LOW HITPOINT WARNING * * *
You feel very sick. The gnoll barely misses you.
Okay, then.
Okay, then.
Really quaff the potion of lignification? [Y]es or [N]o only, please.
Really quaff the potion of lignification? [Y]es or [N]o only, please.
Really quaff the potion of lignification?
Okay, then.
You barely miss the gnoll.
* * * LOW HITPOINT WARNING * * *
You feel very sick.
The gnoll hits you from afar with a +0 halberd.
* * * LOW HITPOINT WARNING * * *
The gnoll sergeant hits you from afar with a +1 spear of venom!
You die...

### .# ..### .. ..._#
#####. ..### #....
###.# #... #...# #.g#
....# #gg# ###.#
#..##### #######
#....#g@....# ......#
#....#......# <.....+
#....#'###..# ......#
#....#..##..## ###.###
#....#.......#
###.######....#.......#
#....|...+....#.......#
+........#....'.....<.#
######...#....###+#####


You could see a gnoll sergeant and 3 gnolls.

Vanquished Creatures
  A cyclops (D:7)
  A shadow (D:8)
  A water moccasin (D:7)
  An orc warrior (D:7)
  A centaur (D:8)
  3 bullfrogs
  3 kobold brigands
  A gnoll sergeant (D:8)
  A scorpion (D:4)
  8 killer bees
  3 wights (D:8)
  A bullfrog zombie (D:7)
  A centaur zombie (D:7)
  3 hounds
  A centaur skeleton (D:7)
  An orc priest (D:4)
  2 iguanas (D:5)
  Jessica (D:2)
  An orc wizard (D:4)
  Natasha (D:3)
  A killer bee zombie (D:7)
  A howler monkey zombie (D:8)
  5 gnolls (D:8)
  4 adders (D:3)
  A shadow imp (D:7)
  A white imp (D:7)
  3 ufetubi
  A worm (D:5)
  2 dart slugs
  5 orcs
  6 endoplasms
  A giant cockroach (D:3)
  11 goblins
  5 hobgoblins
  4 jackals (D:1)
  14 kobolds
  6 quokkas
  4 ball pythons
  5 bats
  10 rats
126 creatures vanquished.

Vanquished Creatures (others)
  A ball python (D:3)
1 creature vanquished.

Grand Total: 127 creatures vanquished

Notes
Turn   | Place    | Note
-------+----------+-------------------------------------------
     0 | D:1      | Acheron the Troll Enchanter began the quest for the Orb.
     0 | D:1      | Reached XP level 1. HP: 16/16 MP: 1/1
   236 | D:1      | Reached XP level 2. HP: 24/24 MP: 3/3
   413 | D:1      | Reached skill level 1 in Unarmed Combat
   465 | D:1      | Reached XP level 3. HP: 32/32 MP: 4/4
   662 | D:3      | Found a white marble altar of Elyvilon.
   853 | D:3      | Reached skill level 2 in Unarmed Combat
   853 | D:3      | Reached XP level 4. HP: 11/40 MP: 5/5
  1068 | D:2      | Noticed Jessica
  1081 | D:2      | Killed Jessica
  1610 | D:3      | Found a faded altar of an unknown god.
  1620 | D:3      | Became a worshipper of Uskayaw the Reveller
  1620 | D:3      | Reached * piety under Uskayaw
  1705 | D:3      | Noticed Natasha
  1712 | D:3      | Reached ** piety under Uskayaw
  1714 | D:3      | Killed Natasha
  1769 | D:3      | Reached XP level 5. HP: 43/46 MP: 6/6
  1829 | D:4      | Reached skill level 1 in Fighting
  1829 | D:4      | Reached skill level 3 in Unarmed Combat
  1955 | D:4      | Reached skill level 1 in Throwing
  1984 | D:4      | Reached XP level 6. HP: 34/55 MP: 7/7
  2152 | D:5      | Entered Level 5 of the Dungeon
  2175 | D:5      | Found a basalt altar of Yredelemnul.
  2353 | D:5      | Reached *** piety under Uskayaw
  2355 | D:5      | Reached **** piety under Uskayaw
  2400 | D:5      | Reached skill level 4 in Unarmed Combat
  2451 | D:6      | Found a glowing golden altar of the Shining One.
  2475 | D:6      | Reached XP level 7. HP: 19/62 MP: 8/8
  2711 | D:7      | Found a staircase to the Ecumenical Temple.
  2725 | Temple   | Entered the Ecumenical Temple
  2950 | D:8      | Noticed a shadow
  2964 | D:8      | Killed a shadow
  2965 | D:8      | Reached skill level 5 in Unarmed Combat
  2988 | D:8      | Reached ***** piety under Uskayaw
  3070 | D:8      | Reached XP level 8. HP: 49/71 MP: 10/10
  3174 | D:7      | Noticed a cyclops
  3182 | D:7      | Killed a cyclops
  3183 | D:7      | Reached skill level 6 in Unarmed Combat
  3202 | D:7      | Reached skill level 1 in Axes
  3202 | D:7      | Reached skill level 1 in Invocations
  3848 | D:8      | Reached skill level 7 in Unarmed Combat
  3854 | D:8      | Reached XP level 9. HP: 69/80 MP: 11/11
  3897 | D:8      | Found a radiant altar of Vehumet.
  3904 | D:8      | Found a sparkling altar of Nemelex Xobeh.
  3910 | D:8      | Found a shadowy altar of Dithmenos.
  4158 | D:8      | Found an iron altar of Okawaru.
  4199 | D:8      | HP: 3/80 [gnoll (4)]
  4199 | D:8      | Mangled by a gnoll sergeant

Illustrated notes

Levels and vault maps discovered:
D:1:      eino_arrival_druids_welcome, layout_basic, minmay_indecisive_spiral
D:2:      layout_basic, kennysheep_jessica_study
D:3:      layout_basic, elyvilon_altar_4,
          shapermc_ecumenical_altar_mp_highgroup, uniq_natasha
D:4:      layout_gridville, nicolae_gozag_seed_capital,
          kennysheep_generic_room_7
D:5:      layout_cave_pools, mainiacjoe_overflow_six_doors_small,
          serial_park_tiny_1, grunt_decor_resistance
D:6:      layout_basic, makhleb_grotto_becter, mainiacjoe_overflow_24_doors,
          minmay_misc_feat_cross, chequers_avenue
D:7:      layout_cave_pods, minmay_temple_entry_wispy, enter_bailey_3,
          minmay_misc_feat_iff, uniq_harold
D:8:      layout_gridville, minmay_overflow_temple_star_quad,
          lemuel_coloured_pillars_altar
D:9:      layout_rooms, mainiacjoe_overflow_catch_the_wave
Temple:   cyrus_temple_forest

Skill      XL: |  1  2  3  4  5  6  7  8  9 |
---------------+----------------------------+-----
Unarmed Combat | 1 2 3 4 5 7 |  7.5
Stealth        | 2 3 |  3.0
Dodging        | 2 3 4 |  4.5
Fighting       | 1 2 |  2.8
Throwing       | 1 2 |  2.8
Spellcasting   | 2 |  2.5
Axes           | 1 |  1.7
Invocations    | 1 |  1.6
Short Blades   | |  0.7
Hexes          | |  2.0

Action                   |  1- 3 |  4- 6 |  7- 9 || total
-------------------------+-------+-------+-------++-------
Melee: Unarmed           |   114 |   159 |   202 ||   475
       Dagger            |     4 |       |       ||     4
       Punch             |       |     2 |     6 ||     8
Throw: Large rock        |       |       |     3 ||     3
  Use: Scroll            |       |     6 |     4 ||    10
       Potion            |       |     3 |       ||     3
 Stab: Sleeping          |     3 |       |       ||     3
       Paralysed         |       |     3 |     5 ||     8
Armor: Robe              |    50 |    61 |    67 ||   178
       Skin              |       |     2 |       ||     2
Dodge: Dodged            |    56 |   101 |   125 ||   282
